 Seeded DCSS version 0.29-a0-676-ga64570c9d2 (webtiles) character file.

Game seed: 11281427841516483749 (custom seed)

111 zeratav the Sneak (level 4, -1/26 HPs)
             Began as a Tengu Hunter on June 24, 2022.
             Slain by a water moccasin (8 damage)
             ... on level 4 of the Dungeon.
             The game lasted 00:03:20 (2185 turns).

zeratav the Sneak (Tengu Hunter)                    Turns: 2185, Time: 00:03:21

Health: -1/26      AC:  3    Str: 11    XL:     4   Next: 92%
Magic:  5/5        EV: 16    Int: 16    God:
Gold:   95         SH:  0    Dex: 19    Spells: 3/3 levels left

rFire   . . .      SeeInvis .   a - +1 shortbow {bow}
rCold   . . .      Faith    .   (shield currently unavailable)
rNeg    . . .      Spirit   .   b - +0 leather armour
rPois   .          Reflect  .   (helmet restricted)
rElec   .          Harm     .   (no cloak)
rCorr   .          Rampage  .   (no gloves)
Will    .....                   (boots unavailable)
Stlth   +++.......              (no amulet)
HPRegen 0.08/turn               k - +4 ring of evasion
MPRegen 0.09/turn               m - +6 ring of intelligence

@: no status effects
A: beak, talons 3
a: no special abilities


You were on level 4 of the Dungeon.
You visited 1 branch of the dungeon, and saw 4 of its levels.

You collected 95 gold pieces.


Innate Abilities, Weirdness & Mutations

You have a beak for a mouth.
You have claws for feet.


   Skills:
 - Level 2.0 Fighting
 + Level 4.4 Bows
 - Level 2.1 Dodging
 - Level 5.0 Stealth


You had 3 spell levels left.
You didn't know any spells.
Your spell library contained the following spells:

 Spells                   Type           Power      Damage    Failure   Level
 Freeze                   Ice            0%         1d3       32%         1
 Static Discharge         Conj/Air       0%         N/A       45%         2
 Frozen Ramparts          Ice            0%         1d2       69%         3
 Hailstorm                Conj/Ice       0%         3d3       97%         4
 Lightning Bolt           Conj/Air       0%         1d11      100%        5
 Maxwell's Capacitive Co  Air            0%         ∞         100%        8

Inventory:

Hand Weapons
 a - a +1 shortbow (weapon) {bow}
Armour
 b - a +0 leather armour (worn)
Jewellery
 k - a +4 ring of evasion (left hand)
   (You found it on level 3 of the Dungeon)
 m - a +6 ring of intelligence (right hand)
   (You took it off a kobold on level 3 of the Dungeon)
Scrolls
 c - a scroll of immolation {!r!r}
 d - 2 scrolls of identify {unknown}
 e - a scroll of magic mapping {unknown}
 g - a scroll of enchant armour {unknown}
 i - a scroll of fear {unknown}
 l - a scroll of silence {unknown}
 n - a scroll of amnesia {unknown}
Potions
 f - 2 potions of mutation {unknown}
 h - a potion of curing {@q1}
 j - a potion of ambrosia {unknown}
 o - a potion of invisibility {unknown}

Dungeon Overview and Level Annotations

Branches:
Dungeon (4/15) Zot: 21778
 Temple: D:4-7

Altars:

Shops:
D:2

( .. .
.########. #
.:....... ...
......$..
..(.###........
......S........
#...@.......
###J#....... #.
....>.. ##
..<..). ...>...
####... ###


You could see a water moccasin and an endoplasm.


Message History

You shoot an arrow. The arrow hits the frilled lizard.
You kill the frilled lizard!
Found an escape hatch in the floor.
A goblin comes into view. It is wielding a +0 club.
A goblin is nearby!
You shoot an arrow. The arrow hits the goblin!
You kill the goblin!
No target in view!
No target in view!
Things that are here:
a +0 club {mace}; a goblin corpse You open the door.
There is an open door here.
Found a stone staircase leading down.
Found a stone staircase leading down.
Done exploring.
(D) Dungeon
Where to? (Enter - D:3, ? - help)
There is a stone staircase leading down here.
You climb downwards.
The water moccasin hisses angrily.
Found 4 boomerangs, 9 gold pieces, a mace and a book of Spatial Translocations.
Found two stone staircases leading down and a stone staircase leading up.
There is a stone staircase leading up here.
There are monsters nearby!
Okay, then.
The endoplasm quivers.
You climb upwards.
There is a stone staircase leading down here.
You climb downwards.
The water moccasin bites you. The endoplasm closely misses you.
The water moccasin closely misses you.
There is a stone staircase leading up, spattered with blood here.
HP[-4]
You take 4 damage, and now have 22/26 hp.
Shoot: a) +1 shortbow {bow}
Press: ? - help, Q - select action Shift-Dir - straight line, f - water moccasin
Aim: a water moccasin (50% to hit)
You shoot an arrow.
The arrow barely misses the water moccasin.
The water moccasin completely misses you.
The endoplasm hits you.
The water moccasin completely misses you.
Shoot: a) +1 shortbow {bow}
Press: ? - help, Q - select action Shift-Dir - straight line, f/p - water moccasin
Aim: a water moccasin (50% to hit)
You shoot an arrow.
The arrow barely misses the water moccasin.
The endoplasm hits you but does no damage.
The water moccasin bites you.
You are poisoned.
The water moccasin poisons you! The water moccasin bites you.
The endoplasm barely misses you.
HP[-7]
You take 7 damage, and now have 15/26 hp.
MASSIVE DAMAGE!! (PAUSE) Shoot: a) +1 shortbow {bow}
Press: ? - help, Q - select action Shift-Dir - straight line, f/p - water moccasin
Aim: a water moccasin (50% to hit)
You shoot an arrow. The arrow hits the water moccasin.
* * * LOW HITPOINT WARNING * * *
You feel very sick. The water moccasin bites you.
* * * LOW HITPOINT WARNING * * *
You are lethally poisoned!
The water moccasin poisons you!
The endoplasm hits you but does no damage.
The water moccasin misses you.
HP[-6]
You take 6 damage, and now have 9/26 hp.
MASSIVE DAMAGE!! (PAUSE) It was a potion of curing.
You feel better. The endoplasm freezes you.
You are frozen.
The water moccasin misses you.
HP[+8]
You regained 8 hp, and now have 17/26 hp.
Shoot: a) +1 shortbow {bow}
Press: ? - help, Q - select action Shift-Dir - straight line, f/p - water moccasin
Aim: a water moccasin (lightly wounded, 50% to hit)
You shoot an arrow. The arrow hits the water moccasin.
The water moccasin misses you. The endoplasm hits you.
The water moccasin completely misses you.
HP[-1]
You take 1 damage, and now have 16/26 hp.
Shoot: a) +1 shortbow {bow}
Press: ? - help, Q - select action Shift-Dir - straight line, f/p - water moccasin
Aim: a water moccasin (lightly wounded, 50% to hit)
You shoot an arrow. The arrow hits the water moccasin!
The endoplasm barely misses you. The water moccasin bites you.
The endoplasm barely misses you. The water moccasin bites you!
* * * LOW HITPOINT WARNING * * *
HP[-9]
You take 9 damage, and now have 7/26 hp.
MASSIVE DAMAGE!! (PAUSE) Shoot: a) +1 shortbow {bow}
Press: ? - help, Q - select action Shift-Dir - straight line, f/p - water moccasin
Aim: a water moccasin (heavily wounded, 50% to hit)
You shoot an arrow. The arrow misses the water moccasin.
The water moccasin bites you but does no damage.
The endoplasm barely misses you. The water moccasin bites you!
You die...

Skill      XL: |  1  2  3  4 |
---------------+-------------+-----
Stealth        | 2 3 4 5 |  5.0
Fighting       | |  2.0
Bows           | |  4.4
Dodging        | |  2.1

Action                   |  1- 3 |  4- 6 || total
-------------------------+-------+-------++-------
 Fire: Shortbow          |    54 |    58 ||   112
  Use: Potion            |       |     1 ||     1
Armor: Leather armour    |     4 |     4 ||     8
Dodge: Dodged            |     7 |    27 ||    34

Levels and vault maps discovered:
D:1:      nzn_arrival_crosshair, layout_basic,
          dilly_ecumenical_altar_fadedgnrine
D:2:      layout_loops_ring, serial_shops, nicolae_shop_hallway_stairs,
          uniq_jessica
D:3:      layout_basic
D:4:      layout_rooms, grunt_temple_overflow_open, overflow_temple_1_default,
          minmay_liquid_box, uniq_menkaure

Notes
Turn   | Place    | Note
-------+----------+-------------------------------------------
     0 | D:1      | zeratav the Tengu Hunter began the quest for the Orb.
     0 | D:1      | Reached XP level 1. HP: 12/12 MP: 2/2
     0 | D:1      | magus.rc [v1.9.6]
   357 | D:1      | Reached skill level 2 in Stealth
   357 | D:1      | Reached XP level 2. HP: 17/17 MP: 3/3
   609 | D:1      | Found a faded altar of an unknown god.
   861 | D:2      | Reached skill level 3 in Stealth
   904 | D:2      | Reached XP level 3. HP: 21/21 MP: 4/4
   946 | D:2      | You pick up a book of Lightning and begin reading...
   946 | D:2      | You add the spells Static Discharge, Lightning Bolt and
                  | Maxwell's Capacitive Coupling to your library.
   987 | D:2      | Noticed Jessica
   991 | D:2      | Killed Jessica
   992 | D:2      | Reached skill level 4 in Stealth
   992 | D:2      | Reached XP level 4. HP: 13/26 MP: 5/5
  1427 | D:2      | Found Semp's Weapon Emporium.
  1619 | D:3      | You pick up a book of Frost and begin reading...
  1619 | D:3      | You add the spells Freeze, Frozen Ramparts and Hailstorm to
                  | your library.
  1861 | D:3      | Reached skill level 5 in Stealth
  2174 | D:4      | Noticed a water moccasin
  2185 | D:4      | Slain by a water moccasin

Vanquished Creatures
  Jessica (D:2)
  2 adders
  2 dart slugs (D:3)
  5 orcs (D:3)
  7 ball pythons
  An endoplasm (D:1)
  3 goblins
  A hobgoblin (D:2)
  4 jackals (D:2)
  6 quokkas
  6 bats
  4 frilled lizards
  11 kobolds
  2 rats (D:2)
55 creatures vanquished.

Vanquished Creatures (others)
  4 plants (D:1)
4 creatures vanquished.

Grand Total: 59 creatures vanquished

Table legend:
 A = Non-vault XP
 B = Vault XP
 C = Vault XP percentage of total XP
 D = Non-vault monster count
 E = Vault monster count
 F = Vault count percentage of total count
                 A         B        C        D         E       F
            +---------+---------+-------+---------+---------+-------
      Total |     122 |      37 |  23.3 |      54 |       1 |   1.8
            +---------+---------+-------+---------+---------+-------
        D:1 |      19 |       0 |   0.0 |      12 |       0 |   0.0
        D:2 |      50 |      37 |  42.5 |      23 |       1 |   4.2
        D:3 |      53 |       0 |   0.0 |      19 |       0 |   0.0
            +---------+---------+-------+---------+---------+-------

Illustrated notes

Table legend:
 A = Kills in this place as a percentage of kills in entire the game.
 B = Kills by you in this place as a percentage of kills by you in the entire game.
 C = Kills by friends in this place as a percentage of kills by friends in the entire game.
 D = Other kills in this place as a percentage of other kills in the entire game.
 E = Experience gained in this place as a percentage of experience gained in the entire game.
 F = Experience gained in this place divided by the number of levels of this place that you have seen.
                   A       B       C       D       E      F
               +-------+-------+-------+-------+-------+----------------------
         Total | 100.0 | 100.0 |   N/A |   N/A | 100.0 |  39.8
       Dungeon | 100.0 | 100.0 |   N/A |   N/A | 100.0 |  39.8
               +-------+-------+-------+-------+-------+----------------------

Table legend: (Time is in decaauts)
 A = Elapsed time spent in this place.
 B = Non-inter-level travel time spent in this place.
 C = Inter-level travel time spent in this place.
 D = Time resting spent in this place.
 E = Time spent auto-exploring this place.
 F = Levels seen in this place.
 G = Mean time per level.
                   A        B        C        D        E       F      G
               +--------+--------+--------+--------+--------+-----+--------+
         Total |   2220 |   2160 |     60 |      0 |   1909 |   4 |  555.0 |
       Dungeon |   2220 |   2160 |     60 |      0 |   1909 |   4 |  555.0 |
               +--------+--------+--------+--------+--------+-----+--------+

Top non-repeatable levels by time:
     D:1: 823 daAuts
     D:2: 815 daAuts
     D:3: 571 daAuts
     D:4: 10 daAuts
